 Dungeon Crawl Stone Soup version 0.28-a0-1415-g7c84da036a (webtiles) character file.

Game seed: 16398064313220913509

12458 browni3141 the Blocker (level 12, 0/97 HPs)
             Began as a Human Fighter on Jan 7, 2022.
             Was a Priest of Okawaru.
             Slain by a freezing wraith (20 damage)
             ... on level 12 of the Dungeon.
             The game lasted 00:27:28 (14534 turns).

browni3141 the Blocker (Human Fighter)             Turns: 14534, Time: 00:27:28

Health: 0/97       AC: 17    Str: 21    XL:     12   Next: 20%
Magic:  21/21      EV: 12    Int:  9    God:    Okawaru [***...]
Gold:   382        SH:  7    Dex: 13    Spells: 11/11 levels left

rFire   . . .      SeeInvis .   s - +2 falchion (vorpal)
rCold   . . .      Faith    .   c - +0 buckler
rNeg    . . .      Spirit   .   n - +0 plate armour
rPois   .          Reflect  .   h - +0 helmet
rElec   .          Harm     .   O - +0 cloak
rCorr   .          Rampage  .   N - +0 pair of gloves
Will    .....                   (no boots)
Stlth   ..........              x - amulet of the acrobat
HPRegen 0.26/turn               j - ring of magical power
MPRegen 0.17/turn               l - +4 ring of evasion

@: hasted, very quick
A: no striking features
a: Renounce Religion, Heroism


You were on level 12 of the Dungeon.
You worshipped Okawaru.
Okawaru was most pleased with you.
You visited 2 branches of the dungeon, and saw 13 of its levels.

You collected 382 gold pieces.

Inventory:

Hand Weapons
 a - a +0 long sword
 d - a +0 giant club
 g - a +0 giant spiked club
 s - a +2 vorpal falchion (weapon)
 C - a +0 giant club
 E - a +0 giant club
 H - a +0 giant spiked club
 I - a +0 giant spiked club
 Q - a +0 giant club
 R - a +0 giant spiked club
Missiles
 o - 29 poisoned darts
 q - 3 throwing nets
 J - a curare-tipped dart (quivered)
Armour
 b - a +0 scale mail
 c - a +0 buckler (worn)
 h - a +0 helmet (worn)
 i - a +0 chain mail
 n - a +0 plate armour (worn)
 N - a +0 pair of gloves (worn)
 O - a +0 cloak (worn)
Jewellery
 j - a ring of magical power (left hand)
 l - a +4 ring of evasion (right hand)
 x - an amulet of the acrobat (around neck)
 A - a +6 ring of intelligence
Wands
 v - a wand of digging (5)
 F - a wand of flame (14)
Scrolls
 p - a scroll of summoning
 r - 7 scrolls of identify
 t - 5 scrolls of teleportation {unknown}
 u - a scroll of fog {unknown}
 y - 3 scrolls of fear {unknown}
 z - a scroll of enchant weapon {unknown}
 D - a scroll of vulnerability {unknown}
 G - 2 scrolls of amnesia {unknown}
 K - 2 scrolls of noise {unknown}
 L - 2 scrolls of blinking {unknown}
 P - a scroll of silence {unknown}
Potions
 e - a potion of lignification
 f - 2 potions of haste
 k - a potion of flight {unknown}
 m - 2 potions of mutation {unknown}
 w - a potion of brilliance
 B - 3 potions of curing
 M - a potion of invisibility {unknown}


   Skills:
 + Level 9.8 Fighting
 - Level 9.0 Long Blades
 + Level 7.6 Armour
 - Level 5.0 Dodging
 + Level 11.4 Shields


You had 11 spell levels left.
You didn't know any spells.
Your spell library contained the following spells:

 Spells                   Type           Power      Damage    Failure   Level
 Apportation              Tloc           0%         N/A       100%        1
 Sandblast                Erth           0%         2d4       100%        1
 Blink                    Tloc           0%         N/A       100%        2
 Passwall                 Tmut/Erth      0%         N/A       100%        2
 Static Discharge         Conj/Air       0%         N/A       100%        2
 Ignite Poison            Fire/Tmut/Pois 0%         N/A       100%        3
 Lesser Beckoning         Tloc           0%         N/A       100%        3
 Mephitic Cloud           Conj/Pois/Air  0%         N/A       100%        3
 Stone Arrow              Conj/Erth      0%         3d7       100%        3
 Freezing Cloud           Conj/Ice/Air   0%         6-21      100%        5
 Lightning Bolt           Conj/Air       0%         1d11      100%        5
 Manifold Assault         Tloc           0%         N/A       100%        5
 Maxwell's Capacitive Co  Air            0%         ∞         100%        8
 Animate Skeleton         Necr           Unusable   N/A       N/A         1
 Summon Small Mammal      Summ           Unusable   N/A       N/A         1

Dungeon Overview and Level Annotations

Branches:
Dungeon (12/15)            Temple (1/1) D:6            Lair (0/6) D:11
    Orc (0/2) D:12

Altars:
Ashenzari
Cheibriados
Dithmenos
Elyvilon
Fedhas
Gozag
Hepliaklqana
Kikubaaqudgha
Makhleb
Nemelex Xobeh
Okawaru
Qazlal
Ru
Sif Muna
Trog
Uskayaw
Vehumet
Wu Jian
Xom
Yredelemnul
Zin
The Shining One

Shops:
D:8 :

Annotations:
D:3 1 runed translucent door, rogsnak's ghost, amateur DjWz
D:4 3 runed translucent doors, eustatius's ghost, amateur DgAE
D:6 Dowan; Duvessa


Message History

You feel like a meek peon again. The freezing wraith misses you.
The freezing wraith hits you but does no damage. x2
The freezing wraith hits you.
You feel yourself speed up.
You feel yourself speed up.
The centaur warrior is no longer petrified.
You block the freezing wraith's attack.
The freezing wraith hits you but does no damage.
The catoblepas breathes a plume of calcifying dust at you.
The blast of calcifying dust hits the centaur warrior.
The blast of calcifying dust hits the freezing wraith but does no damage.
The blast of calcifying dust hits you but does no damage.
The centaur warrior is engulfed in calcifying dust.
The centaur warrior is moving more slowly.
Unknown command.
Unknown command.
The centaur warrior is engulfed in calcifying dust.
The centaur warrior stops moving altogether!
You barely miss the freezing wraith.
The freezing wraith is heavily damaged.
The centaur warrior is engulfed in calcifying dust.
You slash the freezing wraith!
The freezing wraith is severely damaged.
The freezing wraith hits you. The freezing wraith freezes you!
The freezing wraith misses you.
The centaur warrior is engulfed in calcifying dust.
You hit the freezing wraith.
The freezing wraith is almost destroyed.
The centaur warrior is engulfed in calcifying dust.
The freezing wraith hits you but does no damage. x2
You closely miss the freezing wraith.
The freezing wraith is almost destroyed.
The centaur warrior is engulfed in calcifying dust.
You hit the freezing wraith.
The freezing wraith is almost destroyed.
The freezing wraith hits you!
* * * LOW HITPOINT WARNING * * *
The freezing wraith freezes you!!
You die...

#...# ##.## #######.#### ###...
#.# #.# ....# #.# #.# . #...# #.#
##'## ##. #...# #.# ##...##
....##cl.# #.##### ##.....##
..#Y.Y...# #..##>###.......##
....§§...######§§§..##.........##
...........lYc§W@....+.........'.
.......########...####.........##
##...... #..## ##.......###
##..... ###.## ##.....#### #.....
#...# ##...## #. ##...## #.###
##'## #≈ #.## #.# #.# #≈ ##.##
#.# #≈ #...####### ##.######


You could see a centaur warrior (petrified) and a freezing wraith.

Vanquished Creatures
  4 two-headed ogres
  3 death yaks
  A deep elf pyromancer (D:11)
  3 cyclopes
  2 trolls
  Sigmund (D:6)
  2 shadows
  A wraith (D:10)
  Eustachio (D:6)
  4 yaks
  2 wyverns (D:9)
  An acid dragon (D:11)
  2 water moccasins
  A hornet zombie (D:6)
  An ice beast (D:6)
  6 orc warriors
  2 black bears (D:7)
  2 necrophages
  2 sky beasts (D:5)
  2 ogres (D:6)
  5 centaurs
  A phantom (D:5)
  Blork the orc (D:5)
  4 bullfrogs (D:7)
  5 kobold brigands
  5 scorpions
  A wyvern zombie (D:7)
  2 water moccasin skeletons
  3 killer bees (D:9)
  3 howler monkeys
  2 lava snakes (D:7)
  2 centaur zombies
  2 jellies
  A bullfrog skeleton (D:5)
  2 orc priests (D:9)
  3 hounds
  An iguana (D:6)
  Ijyb (D:4)
  7 orc wizards
  A killer bee zombie (D:9)
  A hound skeleton (D:4)
  A howler monkey zombie (D:5)
  5 adders
  An ufetubus (D:7)
  2 dart slugs
  25 orcs
  9 endoplasms
  5 giant cockroaches
  3 goblins
  3 hobgoblins
  2 jackals (D:5)
  2 quokkas
  13 ball pythons
  5 frilled lizards
  24 kobolds
  3 rats
199 creatures vanquished.

Vanquished Creatures (collateral kills)
  2 killer bees (D:9)
2 creatures vanquished.

Vanquished Creatures (others)
  2 fungi (D:3)
2 creatures vanquished.

Grand Total: 203 creatures vanquished

Notes
Turn   | Place    | Note
-------+----------+-------------------------------------------
     0 | D:1      | browni3141 the Human Fighter began the quest for the Orb.
     0 | D:1      | Reached XP level 1. HP: 18/18 MP: 1/1
    96 | D:1      | Reached XP level 2. HP: 24/24 MP: 2/2
   698 | D:1      | Found a faded altar of an unknown god.
   887 | D:2      | Reached skill level 4 in Shields
   887 | D:2      | Reached XP level 3. HP: 29/29 MP: 3/3
  1089 | D:2      | Reached XP level 4. HP: 25/35 MP: 4/4
  2147 | D:3      | Found a runed translucent door.
  2659 | D:3      | Noticed rogsnak's ghost (amateur DjWz)
  2705 | D:4      | Noticed Ijyb
  2724 | D:4      | Killed Ijyb
  2725 | D:4      | Reached XP level 5. HP: 38/42 MP: 5/5
  2800 | D:4      | Found a runed translucent gate.
  2810 | D:4      | Found a runed translucent gate.
  2810 | D:4      | Found a runed translucent gate.
  2811 | D:4      | Noticed eustatius's ghost (amateur DgAE)
  3190 | D:4      | Reached skill level 1 in Dodging
  3190 | D:4      | Reached XP level 6. HP: 48/48 MP: 6/6
  3479 | D:5      | Entered Level 5 of the Dungeon
  3493 | D:5      | Noticed Blork the orc
  3512 | D:5      | Killed Blork the orc
  3513 | D:5      | Reached skill level 5 in Shields
  3513 | D:5      | Reached XP level 7. HP: 29/53 MP: 7/7
  3996 | D:5      | Reached XP level 8. HP: 54/61 MP: 8/8
  5138 | D:6      | Noticed Duvessa
  5140 | D:6      | Noticed Dowan
  5400 | D:6      | Found a staircase to the Ecumenical Temple.
  5411 | Temple   | Entered the Ecumenical Temple
  5861 | D:6      | Reached skill level 6 in Shields
  5930 | D:6      | Found a shimmering altar of Xom.
  5942 | D:6      | Found an ornate altar of the Wu Jian Council.
  5953 | D:6      | Noticed Sigmund
  5954 | D:6      | Reached XP level 9. HP: 30/67 MP: 9/9
  5958 | D:6      | Killed Sigmund
  5959 | D:6      | Reached skill level 7 in Shields
  6204 | D:6      | Noticed Eustachio
  6215 | D:6      | Killed Eustachio
  6216 | D:6      | Reached skill level 8 in Shields
  6667 | D:7      | Reached skill level 9 in Shields
  6667 | D:7      | Reached skill level 5 in Long Blades
  7611 | D:7      | Reached XP level 10. HP: 73/73 MP: 10/10
  8040 | D:8      | Noticed a two-headed ogre
  8058 | D:8      | Killed a two-headed ogre
  8083 | D:8      | Found Dibipsim's Book Shoppe.
  8243 | D:8      | Reached skill level 5 in Dodging
  8244 | D:8      | Reached skill level 5 in Armour
  8598 | D:8      | Noticed a six-headed hydra
  8924 | D:9      | Reached skill level 10 in Shields
  9165 | D:9      | Reached skill level 5 in Fighting
  9486 | D:9      | Identified the +2 morningstar of the Real Monster {spect,
                  | rF+}
  9511 | D:9      | Noticed a two-headed ogre
  9525 | D:9      | Killed a two-headed ogre
 10099 | D:9      | Identified the +8 war axe of Experimentation {vorpal, rPois
                  | rC+ rN+ Str-3}
 10386 | D:9      | Reached XP level 11. HP: 83/83 MP: 11/11
 11113 | D:10     | Entered Level 10 of the Dungeon
 11114 | D:10     | Found an iron altar of Okawaru.
 11135 | D:10     | Became a worshipper of Warmaster Okawaru
 11685 | D:10     | Found a hazy altar of Hepliaklqana.
 11913 | D:10     | Found Kaitta's Book Emporium.
 12353 | D:10     | Noticed a cyclops
 12363 | D:10     | Killed a cyclops
 12546 | D:11     | Noticed a death yak
 12555 | D:11     | Noticed a death yak
 12652 | D:10     | Killed a death yak
 12652 | D:10     | Reached * piety under Okawaru
 13020 | D:11     | Noticed a two-headed ogre
 13031 | D:11     | Killed a two-headed ogre
 13200 | D:11     | Reached ** piety under Okawaru
 13279 | D:11     | Noticed a deep elf pyromancer
 13296 | D:11     | Killed a deep elf pyromancer
 13418 | D:11     | Noticed a death yak
 13443 | D:11     | Killed a death yak
 13476 | D:11     | Killed a death yak
 13477 | D:11     | Reached skill level 11 in Shields
 13602 | D:11     | Found a staircase to the Lair.
 13613 | D:11     | Noticed a cyclops
 13631 | D:11     | Killed a cyclops
 13631 | D:11     | Reached *** piety under Okawaru
 13632 | D:11     | Reached XP level 12. HP: 96/96 MP: 12/12
 13751 | D:11     | Noticed a two-headed ogre
 13773 | D:11     | Killed a two-headed ogre
 13952 | D:11     | Noticed a seven-headed hydra
 14303 | D:12     | Found a snail-covered altar of Cheibriados.
 14449 | D:12     | Found a staircase to the Orcish Mines.
 14504 | D:12     | Noticed a catoblepas
 14505 | D:12     | Noticed a centaur warrior
 14534 | D:12     | Slain by a freezing wraith

Illustrated notes

Levels and vault maps discovered:
D:1:      zelgadis_glass_arrival_small, layout_loops_ring,
          shapermc_ecumenical_altar_ellora
D:2:      layout_basic, lemuel_another_geyser
D:3:      layout_basic, ebering_ghost_reflecting_pool, minmay_shallow_snake_nest
D:4:      layout_basic, gammafunk_ghost_split, uniq_ijyb
D:5:      layout_basic, uniq_blork_the_orc
D:6:      layout_basic, mainiacjoe_overflow_big_doors,
          minmay_temple_entry_waves, uniq_sigmund, uniq_duvessa, uniq_eustachio
D:7:      layout_basic, grunt_decor_junction
D:8:      layout_loops_corners, serial_shops, shop
D:9:      minmay_octagon_keep, layout_basic
D:10:     layout_layer_cave, nicolae_hepliaklqana_hazy_memory,
          okawaru_metal_pillars_1_2, serial_shops, shop_fountains
D:11:     layout_roguey, dpeg_lair_monsters
D:12:     minmay_the_grid_square_5x5_4x4_mashed
          [minmay_the_grid_square_5x5_corner,
          minmay_the_grid_square_5x5_minimal, minmay_the_grid_square_5x5_mess,
          minmay_the_grid_square_5x5_hourglass, minmay_the_grid_square_5x5_tie,
          minmay_the_grid_square_5x5_prize_junk,
          minmay_the_grid_square_5x5_prize_waves,
          minmay_the_grid_square_5x5_six_small,
          minmay_the_grid_square_5x5_n_small,
          minmay_the_grid_square_5x5_prize_pseudospiral,
          minmay_the_grid_square_5x5_prize_itemx,
          minmay_the_grid_square_5x5_seven, minmay_the_grid_square_5x5_six,
          minmay_the_grid_square_5x5_tetrominoes,
          minmay_the_grid_square_5x5_bridge, minmay_the_grid_square_5x5_bite],
          layout_loops_corners, orc_0_dummy, kennysheep_slug_shrine
Temple:   regret_index_temple_mists

Skill      XL: |  1  2  3  4  5  6  7  8  9 10 11 |
---------------+----------------------------------+-----
Shields        | 4 5 6 9 10 11 | 11.4
Long Blades    | 3 4 6 9 |  9.0
Dodging        | 1 3 4 5 |  5.0
Fighting       | 4 6 9 |  9.8
Armour         | 4 5 7 |  7.6

Action                   |  1- 3 |  4- 6 |  7- 9 | 10-12 || total
-------------------------+-------+-------+-------+-------++-------
Melee: Long sword        |    64 |   103 |       |       ||   167
       Falchion          |       |    59 |   238 |   461 ||   758
       War axe           |       |       |       |     7 ||     7
Throw: Dart              |       |     1 |    51 |    35 ||    87
Invok: Heroism           |       |       |       |     4 ||     4
Evoke: Wand              |       |       |     6 |    18 ||    24
  Use: Scroll            |       |     3 |       |     1 ||     4
       Potion            |       |       |     3 |     5 ||     8
 Stab: Distracted        |       |       |       |     1 ||     1
Armor: Scale mail        |    19 |       |       |       ||    19
       Chain mail        |    17 |    27 |       |       ||    44
       Plate armour      |       |    53 |   112 |   171 ||   336
       Skin              |       |       |       |    14 ||    14
Dodge: Dodged            |    22 |    63 |   124 |   219 ||   428
Block: Buckler           |    13 |    36 |    70 |   163 ||   282

Table legend: (Time is in decaauts)
 A = Elapsed time spent in this place.
 B = Non-inter-level travel time spent in this place.
 C = Inter-level travel time spent in this place.
 D = Time resting spent in this place.
 E = Time spent auto-exploring this place.
 F = Levels seen in this place.
 G = Mean time per level.
                   A        B        C        D        E       F      G
               +--------+--------+--------+--------+--------+-----+--------+
         Total |  14625 |  14151 |    474 |    911 |  10826 |  13 | 1125.0 |
       Dungeon |  14432 |  13982 |    450 |    911 |  10676 |  12 | 1202.7 |
        Temple |    193 |    169 |     24 |      0 |    150 |   1 |  193.0 |
               +--------+--------+--------+--------+--------+-----+--------+

Top non-repeatable levels by time:
     D:9: 2254 daAuts
    D:10: 1889 daAuts
     D:6: 1580 daAuts
     D:7: 1304 daAuts
    D:11: 1275 daAuts
     D:5: 1264 daAuts
     D:8: 1096 daAuts
     D:1: 1041 daAuts
     D:2: 869 daAuts
     D:3: 830 daAuts
     D:4: 794 daAuts
    D:12: 230 daAuts
  Temple: 193 daAuts
